NYP
STATEN ISLAND YANKEES @ LOWELL SPINNERS
09/04/2045
 
TOP OF THE 1ST
Staten Island Yankees batting - Pitching for Lowell Spinners : RHP Graham Jackson
Pitching: RHP Graham Jackson
Batting: RHB Phil Reeves 0-0: Ground out 4-3 (Groundball, 4, EV 103.1 MPH)
Batting: RHB Seth Rutz 0-0: Called Strike
0-1: Ball
1-1: Foul Ball, location: 2F
1-2: Strikes out swinging
Batting: RHB Christian Shearer 0-0: Called Strike
0-1: Ball
1-1: Foul Ball, location: 2F
1-2: Ball
2-2: Strikes out looking
Top of the 1st over - 0 runs, 0 hits, 0 errors, 0 left on base; Staten Island 0 - Lowell 0
BOTTOM OF THE 1ST
Lowell Spinners batting - Pitching for Staten Island Yankees : LHP Dustin Shaw
Pitching: LHP Dustin Shaw
Batting: RHB Matt Hinkle 0-0: Ball
1-0: DOUBLE (Flyball, 8LXD, EV 102.5 MPH)
Batting: RHB Nick Cottrell 0-0: SINGLE (Groundball, 6MD, EV 101.9 MPH)
Matt Hinkle to third
Batting: LHB Nelis Geurts 0-0: Reached on error, E5 (Groundball, 56, EV 102.5 MPH)
Matt Hinkle scores
Nick Cottrell to second
Batting: RHB William Lung 0-0: Ball
1-0: Foul Ball, location: 2F
1-1: Ball
2-1: Fly out, F8 (Flyball, 8RD, EV 90.0 MPH)
Batting: RHB Billy Ratz 0-0: Called Strike
0-1: Foul Ball, location: 2F
0-2: Ball
1-2: Foul Ball, location: 2F
1-2: Ball
2-2: Ball
3-2: SINGLE (Groundball, 6MD, EV 96.9 MPH)
Nick Cottrell to third
Nelis Geurts to second
Runner from 3rd tries for Home, SAFE, throw by CF to home
Batting: RHB Ted Emmerich 0-0: Ball
1-0: Ground out 5-3 (Groundball, 5L, EV 111.2 MPH)
Nelis Geurts to third
Billy Ratz to second
Batting: RHB Mike Strey 0-0: SINGLE (Groundball, 5L, EV 102.5 MPH) (infield hit)
Nelis Geurts scores
Billy Ratz to third
Batting: RHB Erik Nunez 0-0: Swinging Strike
0-1: Fly out, F3 (Popup, 3S, EV 78.1 MPH)
Bottom of the 1st over - 3 runs, 4 hits, 1 error, 2 left on base; Staten Island 0 - Lowell 3
TOP OF THE 2ND
Staten Island Yankees batting - Pitching for Lowell Spinners : RHP Graham Jackson
Batting: RHB Jose Tovar 0-0: Called Strike
0-1: Swinging Strike
0-2: Foul Ball, location: 2F
0-2: Strikes out swinging
Batting: RHB Dale Altman 0-0: Ball
1-0: Ball
2-0: Foul Ball, location: 2F
2-1: Fly out, F9 (Flyball, 89D, EV 108.8 MPH)
Batting: RHB Iften Olujimi 0-0: Ball
1-0: Ground out 5-3 (Groundball, 5, EV 92.5 MPH)
Top of the 2nd over - 0 runs, 0 hits, 0 errors, 0 left on base; Staten Island 0 - Lowell 3
BOTTOM OF THE 2ND
Lowell Spinners batting - Pitching for Staten Island Yankees : LHP Dustin Shaw
Batting: LHB Tony Rivera 0-0: Ball
1-0: Called Strike
1-1: Swinging Strike
1-2: Strikes out swinging
Batting: RHB Matt Hinkle 0-0: Ball
1-0: Foul Ball, location: 2F
1-1: Swinging Strike
1-2: SINGLE (Groundball, 5S, EV 68.1 MPH) (infield hit)
Batting: RHB Nick Cottrell 0-0: Ball
1-0: Ball
2-0: Fielders Choice at 2nd, 3-6 (Groundball, 3S, EV 78.8 MPH)
Batting: LHB Nelis Geurts 0-0: Ball
1-0: Called Strike
1-1: Foul Ball, location: 2F
1-2: TRIPLE (Flyball, 7LD, EV 95.6 MPH)
Nick Cottrell scores
Batting: RHB William Lung 0-0: Ball
1-0: Ball
2-0: Swinging Strike
2-1: Foul Ball, location: 2F
2-2: SINGLE (Groundball, 13S, EV 70.0 MPH) (infield hit)
Nelis Geurts scores
Batting: RHB Billy Ratz 0-0: Ball
1-0: Ball
2-0: Fielders Choice at 2nd, 6-4 (Groundball, 6, EV 106.9 MPH)
Bottom of the 2nd over - 2 runs, 3 hits, 0 errors, 1 left on base; Staten Island 0 - Lowell 5
TOP OF THE 3RD
Staten Island Yankees batting - Pitching for Lowell Spinners : RHP Graham Jackson
Batting: RHB Phil Corliss 0-0: Called Strike
0-1: Ball
1-1: Swinging Strike
1-2: Ball
2-2: Strikes out swinging
Batting: RHB John Sprenkel 0-0: Ball
1-0: SINGLE (Line Drive, 3D, EV 98.1 MPH)
Batting: RHB Jonathan Iniguez 0-0: Ball
1-0: Called Strike
1-1: Ball
2-1: Ball
3-1: Base on Balls
John Sprenkel to second
Batting: RHB Phil Reeves 0-0: Ball
1-0: Ball
2-0: Swinging Strike
2-1: Foul Ball, location: 2F
2-2: SINGLE (Line Drive, 4D, EV 100.0 MPH)
John Sprenkel to third
Jonathan Iniguez to second
Batting: RHB Seth Rutz 0-0: Called Strike
0-1: Ball
1-1: Swinging Strike
1-2: Foul Ball, location: 2F
1-2: Ball
2-2: Ball
3-2: Base on Balls
John Sprenkel scores
Jonathan Iniguez to third
Phil Reeves to second
Batting: RHB Christian Shearer 0-0: Ball
Passed Ball!
Jonathan Iniguez scores
Phil Reeves to third
Seth Rutz to second
1-0: Swinging Strike
1-1: Ball
2-1: Foul Ball, location: 2F
2-2: Strikes out looking
Batting: RHB Jose Tovar 0-0: Fly out, F8 (Flyball, 8LM, EV 87.5 MPH)
Top of the 3rd over - 2 runs, 2 hits, 0 errors, 2 left on base; Staten Island 2 - Lowell 5
BOTTOM OF THE 3RD
Lowell Spinners batting - Pitching for Staten Island Yankees : LHP Dustin Shaw
Batting: RHB Ted Emmerich 0-0: Ball
1-0: Ground out 1-3 (Groundball, 34S, EV 72.5 MPH)
Batting: RHB Mike Strey 0-0: Ball
1-0: Fly out, F9 (Flyball, 89M, EV 90.6 MPH)
Batting: RHB Erik Nunez 0-0: Ball
1-0: Ball
2-0: Ball
3-0: Called Strike
3-1: Base on Balls
Batting: LHB Tony Rivera 0-0: Ball
1-0: Ground out 4-3 (Groundball, 4, EV 101.2 MPH)
Bottom of the 3rd over - 0 runs, 0 hits, 0 errors, 1 left on base; Staten Island 2 - Lowell 5
TOP OF THE 4TH
Staten Island Yankees batting - Pitching for Lowell Spinners : RHP Graham Jackson
Batting: RHB Dale Altman 0-0: Ground out 4-3 (Groundball, 4, EV 105.0 MPH)
Batting: RHB Iften Olujimi 0-0: Foul Ball, location: 2F
0-1: DOUBLE (Flyball, 89D, EV 95.6 MPH)
Batting: RHB Phil Corliss 0-0: Ball
1-0: Called Strike
1-1: Swinging Strike
1-2: Ball
2-2: Ball
3-2: Strikes out swinging
Batting: RHB John Sprenkel 0-0: Ball
1-0: Fly out, F8 (Flyball, 8RM, EV 85.6 MPH)
Top of the 4th over - 0 runs, 1 hit, 0 errors, 1 left on base; Staten Island 2 - Lowell 5
BOTTOM OF THE 4TH
Lowell Spinners batting - Pitching for Staten Island Yankees : LHP Dustin Shaw
Batting: RHB Matt Hinkle 0-0: Ball
1-0: Ball
2-0: Called Strike
2-1: Ground out 6-3 (Groundball, 6, EV 84.4 MPH)
Batting: RHB Nick Cottrell 0-0: Ball
1-0: Ball
2-0: Foul Ball, location: 2F
2-1: Ball
3-1: Base on Balls
Batting: LHB Nelis Geurts 0-0: Ball
Nick Cottrell steals 2nd base (no throw)
1-0: Ball
2-0: Ball
3-0: Called Strike
3-1: Base on Balls
Batting: RHB William Lung 0-0: Ball
1-0: Ball
2-0: Ball
3-0: Called Strike
3-1: Base on Balls
Nick Cottrell to third
Nelis Geurts to second
Pitching: RHP Ghislain Pistone
Batting: RHB Billy Ratz 0-0: Ball
1-0: Called Strike
1-1: Ball
2-1: Ball
3-1: Base on Balls
Nick Cottrell scores
Nelis Geurts to third
William Lung to second
Batting: RHB Ted Emmerich 0-0: Swinging Strike
0-1: Ball
1-1: TRIPLE (Flyball, 78XD, EV 100.0 MPH)
Nelis Geurts scores
William Lung scores
Billy Ratz scores
Batting: RHB Mike Strey 0-0: Called Strike
0-1: Ball
1-1: Fly out, F8 (Flyball, 8RXD, EV 106.9 MPH)
Runner from 3rd tags up, SCORES, no throw by CF
Batting: RHB Erik Nunez 0-0: Ball
1-0: Foul Ball, location: 2F
1-1: Called Strike
1-2: Strikes out swinging
Bottom of the 4th over - 5 runs, 1 hit, 0 errors, 0 left on base; Staten Island 2 - Lowell 10
TOP OF THE 5TH
Staten Island Yankees batting - Pitching for Lowell Spinners : RHP Graham Jackson
Batting: RHB Jonathan Iniguez 0-0: Fly out, F5 (Flyball, 5D, EV 91.2 MPH)
Batting: RHB Phil Reeves 0-0: Foul Ball, location: 2F
0-1: SINGLE (Groundball, 56D, EV 96.2 MPH)
Batting: RHB Seth Rutz 0-0: Called Strike
Phil Reeves steals 2nd base (no throw)
0-1: Swinging Strike
0-2: Ground out 5-3 (Groundball, 5L, EV 79.4 MPH)
Batting: RHB Christian Shearer 0-0: Ball
1-0: Swinging Strike
1-1: Ball
2-1: Ball
3-1: Foul Ball, location: 2F
3-2: Fly out, F8 (Flyball, 8LXD, EV 91.9 MPH)
Top of the 5th over - 0 runs, 1 hit, 0 errors, 1 left on base; Staten Island 2 - Lowell 10
BOTTOM OF THE 5TH
Lowell Spinners batting - Pitching for Staten Island Yankees : RHP Ghislain Pistone
Batting: LHB Tony Rivera 0-0: Ball
1-0: Ball
2-0: Ground out U3 (Groundball, 3, EV 89.4 MPH)
Batting: RHB Matt Hinkle 0-0: Ball
1-0: Ball
2-0: Ball
3-0: Called Strike
3-1: Base on Balls
Batting: RHB Nick Cottrell 0-0: Swinging Strike
0-1: Ball
1-1: Ball
2-1: Swinging Strike
2-2: Ball
3-2: Base on Balls
Matt Hinkle to second
Pitching: RHP Angel Gutierres
Batting: LHB Nelis Geurts 0-0: Called Strike
0-1: Ball
1-1: Fielders Choice at 2nd, 6-4 (Groundball, 6, EV 105.0 MPH)
Matt Hinkle to third
Batting: RHB William Lung 0-0: Swinging Strike
0-1: Foul Ball, location: 2F
0-2: Ball
1-2: Strikes out swinging
Bottom of the 5th over - 0 runs, 0 hits, 0 errors, 2 left on base; Staten Island 2 - Lowell 10
TOP OF THE 6TH
Staten Island Yankees batting - Pitching for Lowell Spinners : RHP Graham Jackson
Batting: RHB Jose Tovar 0-0: Ball
1-0: SINGLE (Groundball, 6MS, EV 71.9 MPH) (infield hit)
Batting: RHB Dale Altman 0-0: Ball
1-0: Called Strike
1-1: Ball
2-1: SINGLE (Flyball, 5D, EV 85.6 MPH)
Jose Tovar to second
Batting: RHB Iften Olujimi 0-0: Called Strike
0-1: Called Strike
0-2: Ball
1-2: Ball
2-2: Foul Ball, location: 2F
2-2: Foul Ball, location: 2F
2-2: Ground out 5-3 (Groundball, 56S, EV 69.4 MPH)
Jose Tovar to third
Dale Altman to second
Pitching: RHP Jose Abanto
Batting: RHB Phil Corliss 0-0: 3-RUN HOME RUN (Line Drive, 89XD, EV 100.0 MPH), Distance : 419 ft
Batting: RHB John Sprenkel 0-0: Ball
1-0: Ground out 6-3 (Groundball, 6, EV 106.2 MPH)
Batting: RHB Jonathan Iniguez 0-0: Called Strike
0-1: Ball
1-1: Swinging Strike
1-2: Ball
2-2: Foul Ball, location: 2F
2-2: Strikes out swinging
Top of the 6th over - 3 runs, 3 hits, 0 errors, 0 left on base; Staten Island 5 - Lowell 10
BOTTOM OF THE 6TH
Lowell Spinners batting - Pitching for Staten Island Yankees : RHP Angel Gutierres
Batting: RHB Billy Ratz 0-0: Swinging Strike
0-1: Ball
1-1: SINGLE (Groundball, 6MD, EV 105.0 MPH)
Batting: RHB Ted Emmerich 0-0: Swinging Strike
0-1: Swinging Strike
0-2: Ball
1-2: Foul Ball, location: 2F
1-2: Strikes out swinging
Batting: RHB Mike Strey 0-0: Called Strike
0-1: Called Strike
0-2: Fly out, F8 (Flyball, 78D, EV 83.1 MPH)
Batting: RHB Erik Nunez 0-0: Ball
Balk!
Billy Ratz to second
1-0: Foul Ball, location: 2F
1-1: Foul Ball, location: 2F
1-2: Foul Ball, location: 2F
1-2: Ground out U3 (Groundball, 13, EV 81.2 MPH)
Bottom of the 6th over - 0 runs, 1 hit, 0 errors, 1 left on base; Staten Island 5 - Lowell 10
TOP OF THE 7TH
Staten Island Yankees batting - Pitching for Lowell Spinners : RHP Jose Abanto
Batting: RHB Phil Reeves 0-0: Called Strike
0-1: Swinging Strike
0-2: Ball
1-2: Strikes out swinging, 2-3 out at first.
Batting: RHB Seth Rutz 0-0: Ball
1-0: Foul Ball, location: 2F
1-1: Ground out U3 (Groundball, 34S, EV 88.1 MPH)
Batting: RHB Christian Shearer 0-0: Called Strike
0-1: Ground out 4-3 (Groundball, 4, EV 87.5 MPH)
Top of the 7th over - 0 runs, 0 hits, 0 errors, 0 left on base; Staten Island 5 - Lowell 10
BOTTOM OF THE 7TH
Lowell Spinners batting - Pitching for Staten Island Yankees : RHP Angel Gutierres
Pitching: RHP Ryan Walker
Batting: LHB Tony Rivera 0-0: Ball
1-0: Ball
2-0: Foul Ball, location: 2F
2-1: Foul Ball, location: 2F
2-2: Hit by Pitch
Batting: RHB Matt Hinkle 0-0: Ball
1-0: Foul Ball, location: 2F
1-1: Called Strike
1-2: Foul Ball, location: 2F
1-2: Ball
2-2: 2-RUN HOME RUN (Flyball, 7D, EV 99.4 MPH), Distance : 397 ft
Batting: RHB Nick Cottrell 0-0: Ball
1-0: Foul Ball, location: 2F
1-1: Foul Ball, location: 2F
1-2: Ball
2-2: Ball
3-2: Base on Balls
Batting: LHB Nelis Geurts 0-0: Foul Ball, location: 2F
0-1: Ground out 5-3 (Groundball, 56S, EV 72.5 MPH)
Nick Cottrell to second
Batting: RHB William Lung 0-0: Ball
1-0: Ball
2-0: Ball
3-0: Called Strike
3-1: Foul Ball, location: 2F
3-2: Strikes out swinging
Batting: RHB Billy Ratz 0-0: Foul Ball, location: 2F
0-1: Ground out 3-1 (Groundball, 34, EV 83.1 MPH)
Bottom of the 7th over - 2 runs, 1 hit, 0 errors, 1 left on base; Staten Island 5 - Lowell 12
TOP OF THE 8TH
Staten Island Yankees batting - Pitching for Lowell Spinners : RHP Jose Abanto
Batting: RHB Jose Tovar 0-0: Ball
1-0: Ball
2-0: Called Strike
2-1: Ground out 5-3 (Groundball, 56S, EV 95.0 MPH)
Batting: RHB Dale Altman 0-0: Called Strike
0-1: Called Strike
0-2: Ball
1-2: Strikes out swinging
Batting: RHB Iften Olujimi 0-0: Ball
1-0: Called Strike
1-1: Ball
2-1: Foul Ball, location: 2F
2-2: Ball
3-2: Base on Balls
Batting: RHB Phil Corliss 0-0: Called Strike
0-1: Foul Ball, location: 2F
0-2: Ball
1-2: Ground out 5-3 (Groundball, 56, EV 98.8 MPH)
Top of the 8th over - 0 runs, 0 hits, 0 errors, 1 left on base; Staten Island 5 - Lowell 12
BOTTOM OF THE 8TH
Lowell Spinners batting - Pitching for Staten Island Yankees : RHP Ryan Walker
Pitching: LHP Jesse Riggs
Batting: RHB Ted Emmerich 0-0: Ball
1-0: Called Strike
1-1: Ball
2-1: Ground out 4-3 (Groundball, 4, EV 81.2 MPH)
Batting: RHB Mike Strey 0-0: Called Strike
0-1: Ground out 6-3 (Groundball, 6, EV 91.2 MPH)
Batting: RHB Erik Nunez 0-0: Ball
1-0: Ball
2-0: Ball
3-0: Called Strike
3-1: Base on Balls
Batting: LHB Tony Rivera 0-0: Ball
1-0: Called Strike
1-1: Called Strike
1-2: Ball
2-2: Fly out, F8 (Flyball, 78S, EV 86.2 MPH)
Bottom of the 8th over - 0 runs, 0 hits, 0 errors, 1 left on base; Staten Island 5 - Lowell 12
TOP OF THE 9TH
Staten Island Yankees batting - Pitching for Lowell Spinners : RHP Jose Abanto
Batting: RHB John Sprenkel 0-0: Called Strike
0-1: Ball
1-1: Ground out 5-3 (Groundball, 56S, EV 71.2 MPH)
Batting: RHB Jonathan Iniguez 0-0: Ball
1-0: Ball
2-0: Foul Ball, location: 2F
2-1: Reached on error, E3 (Groundball, 34, EV 88.1 MPH)
Batting: RHB Phil Reeves 0-0: Called Strike
0-1: Ball
1-1: Foul Ball, location: 2F
1-2: Strikes out looking
Batting: RHB Seth Rutz 0-0: Called Strike
0-1: Called Strike
0-2: Ball
1-2: Ball
Wild Pitch!
Jonathan Iniguez to second
2-2: Foul Ball, location: 2F
2-2: Strikes out swinging
Top of the 9th over - 0 runs, 0 hits, 1 error, 1 left on base; Staten Island 5 - Lowell 12
Wednesday, June 22nd , 2022 - OOTP Baseball 23.4 Build 64